 Dungeon Sprint DCSS version 0.20.1-1-g8b1a95d (webtiles) character file.

80505 equalderp2856 the Executioner (level 15, -9/166 HPs)
             Began as a Minotaur Fighter on Sept 3, 2017.
             Engulfed by Lom Lobon's freezing vapour (16 damage)
             ... in the Dungeon (Sprint IX: "|||||||||||||||||||||||||||||").
             The game lasted 00:18:27 (6883 turns).

equalderp2856 the Executioner (Minotaur Fighter)    Turns: 6883, Time: 00:18:27

Health: -9/166     AC: 29    Str: 31    XL:     15   Next: 24%
Magic:  0/29       EV: 14    Int:  7    God:
Gold:   1044       SH: 18    Dex: 16    Spells: 36/36 levels left

rFire    + . .     SeeInvis +   u - +2 broad axe (chop)
rCold    . . .     Gourm    .   c - +0 shield
rNeg     . . .     Faith    .   h - +4 plate armour {rC+}
rPois    +         Spirit   +   O - +1 hat {SInv}
rElec    .         Reflect  .   P - +1 cloak
rCorr    .         Harm     .   D - +0 pair of gloves
MR       ++++.     NoTele   +   C - +0 pair of boots
Stlth    ..........             G - amulet of guardian spirit
Regen    0.4/turn               p - +3 ring of strength
MPRegen  0.3/turn               I - ring "Belesty" {Fire -Tele rPois MR+++ Dex+4}

@: mighty
A: retaliatory headbutt, horns 2
a: no special abilities


You were in the Dungeon.
You were hungry.

You visited 1 branch You collected 1926 gold pieces.
You spent 882 gold pieces at shops.

Inventory:

Hand Weapons
 a - a +0 war axe
 t - a +2 scimitar of holy wrath
 u - a +2 broad axe of chopping (weapon)
 H - a +0 dire flail
 N - a +0 executioner's axe
 W - a +2 hand crossbow of flaming
Armour
 b - a +0 scale mail
 c - a +0 shield (worn)
 h - a +4 plate armour of cold resistance (worn)
 r - a +1 scale mail
 s - a +0 cloak
 C - a +0 pair of boots (worn)
 D - a +0 pair of gloves (worn)
 F - a +0 plate armour
 J - a +0 hat
 O - a +1 hat of see invisible (worn)
 P - a +1 cloak (worn)
 R - +0 acid dragon scales
 S - a +2 chain mail of magic resistance
 T - a +3 chain mail
 U - a +2 chain mail of fire resistance
 V - +1 ice dragon scales
Jewellery
 p - a +3 ring of strength (left hand)
 q - a +3 ring of intelligence
 E - an uncursed ring of protection from fire
 G - an amulet of guardian spirit (around neck)
 I - the ring "Belesty" (right hand) {Fire -Tele rPois MR+++ Dex+4}
   (You bought it in a shop in the Dungeon)

   [ring of fire]

   It enhances your fire magic.
   It affects your dexterity (+4).
   It protects you from fire.
   It makes you vulnerable to cold.
   It protects you from poison.
   It affects your resistance to hostile enchantments.
   It prevents most forms of teleportation.
 K - an uncursed ring of positive energy
 L - an uncursed ring of see invisible
 M - an uncursed ring of poison resistance
Wands
 o - a wand of iceblast (5/15)
Scrolls
 m - 4 scrolls of remove curse
 n - 2 scrolls of amnesia
 w - 3 scrolls of recharging
 x - 2 scrolls of enchant armour
 Q - 3 scrolls of enchant weapon
Potions
 i - 4 potions of magic
 z - a potion of brilliance
Books
 y - a book of Necromancy

   Spells                             Type                      Level
   a - Pain                           Necromancy                   1
   b - Animate Skeleton               Necromancy                   1
   c - Vampiric Draining              Necromancy                   3
   d - Regeneration                   Charms/Necromancy            3
   e - Animate Dead                   Necromancy                   4
   f - Control Undead                 Necromancy                   4
Comestibles
 f - 12 bread rations
 A - 36 fruits
 B - 12 meat rations


   Skills:
 + Level 24.0 Fighting
 + Level 3.0 Long Blades
 + Level 25.5 Axes
 + Level 18.3 Armour
 + Level 8.7 Dodging
 + Level 4.6 Stealth
 + Level 22.6 Shields
 * Level 11.3 Spellcasting


You had 36 spell levels left.
You didn't know any spells.

Dungeon Overview and Level Annotations

Branches:
Dungeon (1/1)

Altars:
Cheibriados
Dithmenos
Elyvilon
Fedhas
Gozag
Hepliaklqana
Kikubaaqudgha
Makhleb
Nemelex Xobeh
Okawaru
Qazlal
Ru
Sif Muna
Trog
Uskayaw
Vehumet
Xom
Yredelemnul
Zin
The Shining One
Beogh
Jiyva
Lugonu

Shops:
D [([=

Annotations:
D Lom Lobon


Innate Abilities, Weirdness & Mutations

You reflexively headbutt those who attack you in melee.
You have a pair of horns on your head.


Message History

Lom Lobon is lightly wounded.
You are engulfed in freezing vapours.
* * * LOW HITPOINT WARNING * * *
Unknown command.
You hit Lom Lobon. Your headbutt misses Lom Lobon.
Lom Lobon is lightly wounded.
You are engulfed in freezing vapours.
* * * LOW HITPOINT WARNING * * *
Lom Lobon hits you but does no damage.
Unknown command.
Okay, then.
You completely miss Lom Lobon. You headbutt Lom Lobon.
Lom Lobon is lightly wounded.
You are engulfed in freezing vapours.
* * * LOW HITPOINT WARNING * * *
You block Lom Lobon's attack.
You slash Lom Lobon! Your headbutt misses Lom Lobon.
Lom Lobon is moderately wounded.
You are engulfed in freezing vapours.
You die...

▓▓▓▓▓▓▓▓▓▓▓▓▓▓▓▓▓▓
.▓...▓...▓...▓...▓
.▓.▓.▓.▓.▓.▓.▓.▓.▓
.▓.▓.▓.▓.▓.▓.▓.▓.▓
.▓.▓.▓.▓.▓.▓.▓.▓.▓
.▓'▓.▓.▓.▓.▓.▓.▓§▓
.▓.▓.▓.▓.▓.▓.▓.▓§▓
.▓.▓.▓.▓.▓.▓.▓.▓.▓
.▓.▓.▓.▓.▓.▓.▓.▓@▓
.▓[▓.▓.▓†▓.▓.▓.▓&▓
.▓.▓.▓'▓.▓'▓.▓.▓.▓
.▓[▓.▓.▓.▓.▓.▓.▓.▓
.▓.▓.▓.▓.▓.▓.▓.▓§▓
.▓.▓.▓.▓.▓.▓.▓'▓.▓
.▓'▓.▓.▓.▓.▓.♣.♣.▓
.▓.▓.▓.▓.▓)▓.♣...▓.▓
.▓.▓.▓∩▓.▓)▓.♣.♣.▓.▓


You could see Lom Lobon.

Vanquished Creatures
  A greater mummy (D)
  Saint Roka (D)
  An Orb Guardian (D)
  Gastronok (D)
  Agnes (D)
  A death cob (D)
  A sphinx (D)
  2 thorn hunters (D)
  A shadow dragon (D)
  2 frost giants (D)
  A fire giant (D)
  3 vault wardens (D)
  An entropy weaver (D)
  3 vampire knights (D)
  2 stone giants (D)
  Azrael (D)
  A white draconian (D)
  5 ettins (D)
  A fire dragon (D)
  An ice dragon (D)
  2 rakshasas (D)
  A spriggan air mage (D)
  2 alligators (D)
  2 centaur warriors (D)
  5 ogre magi (D)
  2 two-headed ogres (D)
  2 deep troll shamans (D)
  2 orc high priests (D)
  A deep troll earth mage (D)
  A tengu warrior (D)
  A shock serpent (D)
  Urug (D)
  A naga sharpshooter (D)
  Nergalle (D)
  A salamander mystic (D)
  A naga ritualist (D)
  5 deep trolls (D)
  A wizard (D)
  3 ironbrand convokers (D)
  A mana viper (D)
  2 orc knights (D)
  3 harpies (D)
  2 orb spiders (D)
  2 ugly things (D)
  A wolf spider (D)
  An orc sorcerer (D)
  A cyclops (shapeshifter) (D)
  A manticore (D)
  A moth of wrath (shapeshifter) (D)
  2 guardian serpents (D)
  2 merfolk sirens (D)
  3 black mambas (D)
  4 spiny frogs (D)
  3 yaktaurs (D)
  A freezing wraith (D)
  A demonic crawler (D)
  3 merfolk (D)
  A jumping spider (D)
  3 hornets (D)
  3 trolls (D)
  A tyrant leech (D)
  A blink frog (shapeshifter) (D)
  A snapping turtle (D)
  A blink frog (D)
  2 slime creatures (D)
  A redback (D)
  A shadow (D)
  A tarantella (D)
  2 yaks (D)
  A spriggan (D)
  A vampire (D)
  A wraith (D)
  Grum (D)
  4 fire elementals (D)
  A vampire mosquito (D)
  A basilisk (D)
  A naga (D)
  3 wargs (D)
  2 water moccasins (D)
  4 hell hounds (D)
  13 orc warriors (D)
  3 porcupines (D)
  A sky beast (D)
  6 wolves (D)
  An ogre (D)
  4 centaurs (D)
  4 crocodiles (D)
  2 bullfrogs (D)
  A wight (D)
  2 crimson imps (D)
  3 orc priests (D)
  6 orc wizards (D)
  2 hounds (D)
  A worker ant (D)
  A shadow imp (D)
  An adder zombie (D)
  A leopard gecko (D)
  5 orcs (D)
  A bat (D)
  A hobgoblin (D)
  A kobold (D)
  2 frilled lizards (D)
  A jackal skeleton (D)
  A rat (D)
  2 briar patches (D)
204 creatures vanquished.

Notes
Turn   | Place    | Note
-------+----------+-------------------------------------------
     0 | D        | equalderp2856 the Minotaur Fighter began the quest for the Orb.
     0 | D        | Reached XP level 1. HP: 19/19 MP: 0/0
    17 | D        | Noticed a hound
    17 | D        | Noticed a centaur
    21 | D        | Killed a centaur
    21 | D        | Reached skill level 4 in Axes
    21 | D        | Reached XP level 2. HP: 17/31 MP: 1/1
    21 | D        | Reached XP level 3. HP: 21/38 MP: 2/2
    21 | D        | Reached XP level 4. HP: 25/45 MP: 3/3
    33 | D        | Reached skill level 5 in Axes
   266 | D        | Found a roughly hewn altar of Beogh.
   266 | D        | Found a snail-covered altar of Cheibriados.
   266 | D        | Found a shadowy altar of Dithmenos.
   266 | D        | Found a white marble altar of Elyvilon.
   266 | D        | Found a blossoming altar of Fedhas.
   266 | D        | Found an opulent altar of Gozag.
   267 | D        | Found a hazy altar of Hepliaklqana.
   268 | D        | Found a viscous altar of Jiyva.
   269 | D        | Found an ancient bone altar of Kikubaaqudgha.
   270 | D        | Found a corrupted altar of Lugonu.
   271 | D        | Found a burning altar of Makhleb.
   272 | D        | Found a sparkling altar of Nemelex Xobeh.
   273 | D        | Found an iron altar of Okawaru.
   274 | D        | Found a stormy altar of Qazlal.
   275 | D        | Found a sacrificial altar of Ru.
   276 | D        | Found a deep blue altar of Sif Muna.
   277 | D        | Found a bloodstained altar of Trog.
   278 | D        | Found a hide-covered altar of Uskayaw.
   279 | D        | Found a radiant altar of Vehumet.
   281 | D        | Found a shimmering altar of Xom.
   282 | D        | Found a basalt altar of Yredelemnul.
   283 | D        | Found a glowing silver altar of Zin.
   284 | D        | Found a glowing golden altar of the Shining One.
   349 | D        | Noticed an ogre
   349 | D        | Noticed a centaur
   360 | D        | Reached XP level 5. HP: 51/52 MP: 4/4
   366 | D        | Killed a centaur
   366 | D        | Reached skill level 6 in Axes
   368 | D        | Reached skill level 7 in Axes
   368 | D        | Reached XP level 6. HP: 44/62 MP: 5/5
   373 | D        | Reached skill level 1 in Long Blades
   373 | D        | Reached skill level 8 in Axes
   373 | D        | Reached skill level 1 in Dodging
   475 | D        | Noticed a two-headed ogre
   475 | D        | Noticed a slime creature
   482 | D        | Killed a slime creature
   482 | D        | Reached skill level 10 in Fighting
   482 | D        | Reached skill level 9 in Axes
   482 | D        | Reached XP level 7. HP: 69/73 MP: 6/6
   488 | D        | Killed a two-headed ogre
   488 | D        | Reached skill level 11 in Axes
   488 | D        | Reached skill level 10 in Armour
   488 | D        | Reached skill level 10 in Shields
   488 | D        | Reached XP level 8. HP: 43/83 MP: 7/7
   491 | D        | Reached skill level 12 in Axes
   808 | D        | Reached skill level 13 in Axes
   814 | D        | Reached skill level 1 in Stealth
   819 | D        | Reached XP level 9. HP: 61/91 MP: 8/8
  1020 | D        | Noticed a black mamba
  1020 | D        | Noticed a spiny frog
  1020 | D        | Noticed a black mamba
  1020 | D        | Noticed a spiny frog
  1027 | D        | Killed a spiny frog
  1027 | D        | Reached skill level 14 in Axes
  1030 | D        | Reached skill level 5 in Dodging
  1032 | D        | Killed a black mamba
  1032 | D        | Reached skill level 15 in Axes
  1035 | D        | Killed a spiny frog
  1045 | D        | Killed a black mamba
  1196 | D        | Reached XP level 10. HP: 76/102 MP: 9/9
  1309 | D        | Reached skill level 16 in Axes
  1396 | D        | Noticed Urug
  1404 | D        | Killed Urug
  1494 | D        | Reached skill level 17 in Axes
  1570 | D        | Noticed an orc high priest
  1570 | D        | Noticed an orc knight
  1570 | D        | Noticed an orc high priest
  1577 | D        | Killed an orc high priest
  1578 | D        | Noticed an orc sorcerer
  1589 | D        | Killed an orc knight
  1589 | D        | Reached skill level 15 in Fighting
  1764 | D        | Noticed a rust devil
  1767 | D        | Killed an orc high priest
  1767 | D        | Reached skill level 18 in Axes
  1771 | D        | Killed an orc sorcerer
  1771 | D        | Reached XP level 11. HP: 80/112 MP: 10/10
  1868 | D        | Found Fumeoman's Jewellery Boutique.
  1868 | D        | Noticed a deep troll
  1868 | D        | Noticed a deep troll
  1868 | D        | Noticed a deep troll
  1868 | D        | Noticed an ogre mage
  1868 | D        | Noticed a deep troll
  1870 | D        | Killed a deep troll
  1872 | D        | Noticed an ogre mage
  1875 | D        | Killed an ogre mage
  1875 | D        | Reached skill level 19 in Axes
  1879 | D        | Killed a deep troll
  1885 | D        | Killed a deep troll
  1889 | D        | Killed a deep troll
  1892 | D        | Found Qudo's Antique Armour Shop.
  1895 | D        | Killed an ogre mage
  1898 | D        | Found Zepo Nud's Antique Weapon Boutique.
  2231 | D        | Noticed an ogre mage
  2250 | D        | Killed an ogre mage
  2250 | D        | Reached skill level 20 in Axes
  2255 | D        | Noticed an ogre mage
  2260 | D        | Killed an ogre mage
  2323 | D        | Found Faohiv's Antique Armour Shop.
  2325 | D        | Noticed an ettin
  2328 | D        | Noticed a deep troll
  2334 | D        | Killed an ettin
  2334 | D        | Reached skill level 15 in Shields
  2343 | D        | Killed a deep troll
  2425 | D        | Bought an uncursed amulet of guardian spirit for 330 gold pieces
  2460 | D        | Bought the ring "Belesty" {Fire -Tele rPois MR+++ Dex+4} for 552 gold pieces
  2549 | D        | Noticed Gastronok
  2562 | D        | Killed Gastronok
  2562 | D        | Reached skill level 1 in Spellcasting
  2562 | D        | Reached XP level 12. HP: 85/125 MP: 7/13
  2597 | D        | Noticed Grum
  2602 | D        | Killed Grum
  2605 | D        | Reached skill level 21 in Axes
  2831 | D        | Noticed a two-headed ogre
  2839 | D        | Noticed a stone giant
  2841 | D        | Noticed an ettin
  2853 | D        | Killed a stone giant
  2856 | D        | Killed a two-headed ogre
  2871 | D        | Killed an ettin
  3074 | D        | Noticed a deep troll shaman
  3075 | D        | Noticed an ettin
  3076 | D        | Noticed a rakshasa
  3076 | D        | Noticed a centaur warrior
  3079 | D        | Killed a deep troll shaman
  3083 | D        | Killed an ettin
  3092 | D        | Killed a centaur warrior
  3114 | D        | Killed a rakshasa
  3276 | D        | Noticed Agnes
  3284 | D        | Killed Agnes
  3314 | D        | Noticed Nergalle
  3320 | D        | Killed Nergalle
  3320 | D        | Reached skill level 22 in Axes
  3320 | D        | Reached skill level 5 in Spellcasting
  3322 | D        | Noticed Saint Roka
  3742 | D        | Killed Saint Roka
  3742 | D        | Reached XP level 13. HP: 138/138 MP: 15/20
  3903 | D        | Reached skill level 15 in Armour
  4315 | D        | Noticed an entropy weaver
  4348 | D        | Killed an entropy weaver
  4348 | D        | Reached skill level 23 in Axes
  4443 | D        | Noticed a thorn hunter
  4448 | D        | Killed a thorn hunter
  4470 | D        | Noticed a thorn hunter
  4482 | D        | Killed a thorn hunter
  4722 | D        | Noticed Azrael
  4733 | D        | Killed Azrael
  4809 | D        | Noticed a vampire knight
  4809 | D        | Noticed an ettin
  4809 | D        | Noticed a fire giant
  4809 | D        | Noticed a vampire knight
  4809 | D        | Noticed a fire dragon
  4816 | D        | Killed a fire dragon
  4816 | D        | Reached XP level 14. HP: 150/151 MP: 25/25
  4823 | D        | Killed a fire giant
  4824 | D        | Paralysed by a vampire knight for 7 turns
  4838 | D        | Noticed a shadow dragon
  4850 | D        | Killed a vampire knight
  4862 | D        | Killed a vampire knight
  4922 | D        | Reached skill level 24 in Axes
  5041 | D        | Killed a shadow dragon
  5365 | D        | Noticed a frost giant
  5386 | D        | Killed a frost giant
  5629 | D        | Reached skill level 10 in Spellcasting
  5630 | D        | Noticed a vault warden
  5630 | D        | Noticed a death cob
  5630 | D        | Noticed a sphinx
  5635 | D        | Killed a sphinx
  5646 | D        | Killed a vault warden
  5648 | D        | Killed a death cob
  5664 | D        | Noticed a frost giant
  5665 | D        | Noticed a vault warden
  5666 | D        | Paralysed by a hornet for 3 turns
  5671 | D        | Noticed a stone giant
  5682 | D        | Killed a frost giant
  5687 | D        | Noticed a greater mummy
  5687 | D        | Noticed an Orb Guardian
  6161 | D        | Killed a greater mummy
  6161 | D        | Reached skill level 25 in Axes
  6161 | D        | Reached XP level 15. HP: 55/165 MP: 9/28
  6441 | D        | Killed an Orb Guardian
  6446 | D        | Killed a vault warden
  6535 | D        | Noticed a vault warden
  6535 | D        | Noticed a greater mummy
  6538 | D        | Killed a vault warden
  6552 | D        | Noticed Lom Lobon
  6882 | D        | HP: 7/166 [Lom Lobon] (4)]
  6883 | D        | Engulfed by Lom Lobon's freezing vapour

Skill      XL: |  1  2  3  4  5  6  7  8  9 10 11 12 13 14 15 |
---------------+----------------------------------------------+-----
Armour         | 6 7 8 9 10 11 12 13 14 16 17 18 | 18.3
Shields        | 6 7 8 9 10 11 13 15 17 19 22 | 22.6
Fighting       | 6 7 8 10 11 12 13 15 17 19 21 23 24 | 24.0
Axes           | 4 5 7 9 11 13 15 18 20 22 23 25 | 25.5
Long Blades    | 1 2 3 |  3.0
Dodging        | 1 3 4 5 7 8 |  8.7
Stealth        | 1 2 3 4 |  4.6
Spellcasting   | 1 5 8 10 11 | 11.3

Action                   |  1- 3 |  4- 6 |  7- 9 | 10-12 | 13-15 || total
-------------------------+-------+-------+-------+-------+-------++-------
Melee: War axe           |    10 |    25 |       |       |       ||    35
       Headbutt          |     3 |     6 |    11 |    78 |   122 ||   220
       Scimitar          |       |     3 |       |       |       ||     3
       Broad axe         |       |     7 |    73 |   314 |   415 ||   809
Evoke: Wand              |       |       |       |       |     2 ||     2
  Use: Potion            |       |       |       |     5 |    17 ||    22
       Scroll            |       |       |       |     2 |     3 ||     5
 Stab: Invisible         |       |       |       |     3 |       ||     3
  Eat: Chunk             |       |       |     1 |     6 |     4 ||    11
       Fruit             |       |       |       |     2 |     2 ||     4
       Bread ration      |       |       |       |       |     1 ||     1
Armor: Scale mail        |     6 |    12 |     8 |    19 |       ||    45
       Plate armour      |       |       |       |    39 |   128 ||   167
Dodge: Dodged            |     3 |    13 |    28 |    63 |    97 ||   204
Block: Shield            |     4 |    16 |    31 |   113 |   206 ||   370
       Rpst.: Scimitar   |       |     1 |       |       |       ||     1
